 Dungeon Crawl Stone Soup version 0.30-a0-883-g5ad918d77d (webtiles) character file.

Game seed: 10905654924131115309

189 AtlasWard the Cudgeller (level 5, 0/82 HPs)
             Began as an Ogre Gladiator on Mar 17, 2023.
             Succumbed to a scorpion's poison
             ... on level 5 of the Dungeon.
             The game lasted 00:06:13 (3473 turns).

AtlasWard the Cudgeller (Ogre Gladiator)            Turns: 3473, Time: 00:06:14

Health: 0/82       AC: 22    Str: 20    XL:     5   Next: 68%
Magic:  5/5        EV:  1    Int:  9    God:
Gold:   97         SH:  0    Dex: 10    Spells: 4/4 levels left

rFire   . . .      SeeInvis .    a - +0 flail
rCold   . . .      Faith    .    (no shield)
rNeg    . . .      Spirit   .    b - melded +0 robe
rPois   +          Reflect  .    c - melded +0 hat
rElec   .          Rampage  .    B - melded +0 cloak
rCorr   +          NoTele   +    (gloves unavailable)
Will    .....                    (boots unavailable)
Stlth   +                        (no amulet)
HPRegen 0.33/turn                i - ring of resist corrosion
MPRegen 0.09/turn                (no ring)

@: mighty, lethally poisoned (0 -> -10), tree-form
A: stationary, stasis, torment immunity, boosted hp, large, unfitting armour,
(tough skin 1)
a: no special abilities


You were on level 5 of the Dungeon.
You were a tree.
You visited 1 branch of the dungeon, and saw 5 of its levels.

You collected 97 gold pieces.

Inventory:

Hand Weapons
 a - a +0 flail (weapon)
 m - a +0 whip
 x - the +8 battleaxe of the Eleven Bones {holy, Int+4}
   (You found it on level 3 of the Dungeon)

   Int:       It affects your intelligence (+4).
Missiles
 d - 2 throwing nets (quivered)
 e - a large rock
 k - 4 atropa-tipped darts
Armour
 b - a +0 robe (melded)
 c - a +0 hat (melded)
 g - a scarf of invisibility
 B - a +0 cloak (melded)
Jewellery
 i - a ring of resist corrosion (left branch)
Scrolls
 h - a scroll of magic mapping {unknown}
 j - a scroll of immolation {unknown}
 l - 2 scrolls of vulnerability {unknown}
 n - 3 scrolls of summoning {unknown}
 q - a scroll of fear {unknown}
 s - 3 scrolls of silence {unknown}
 v - a scroll of identify {unknown}
 y - a scroll of blinking {unknown}
 A - a scroll of teleportation {unknown}
Potions
 f - 3 potions of might
 p - 3 potions of curing
 r - a potion of degeneration {unknown}
 t - 2 potions of heal wounds {unknown}
 u - a potion of mutation {unknown}
 w - a potion of haste {unknown}
 z - a potion of brilliance {unknown}


   Skills:
 + Level 4.7 Fighting
 * Level 4.9 Maces & Flails
 - Level 2.0 Throwing
 - Level 2.6 Dodging


You had 4 spell levels left.
You didn't know any spells.
Your spell library was empty.

Dungeon Overview and Level Annotations

Branches:
Dungeon (5/15)
 Temple: D:4-7

Altars:

Shops:
D:1 (:[

Annotations:
D:4 Dowan, Duvessa


Innate Abilities, Weirdness & Mutations

You are a tree.
Your roots penetrate the ground, keeping you stationary.
You cannot be teleported.
You are immune to unholy pain and torment.
Your maximum health is greatly increased.
Your equipment is partially melded.
You are too large for most types of armour.
((You have tough skin. (AC +1)))


Message History

You feel very sick. The scorpion stings you.
You are lethally poisoned!
The scorpion poisons you!
You are too injured to fight recklessly!
You are too injured to fight recklessly!
You are too injured to fight recklessly!
You are too injured to fight recklessly!
Throw: 3 throwing nets
Press: ? - help, Q - select action, (/) - cycle Shift-Dir - straight line, f - scorpion
Aim: a scorpion (moderately wounded, 59% to hit)
You throw a throwing net. The throwing net hits the scorpion.
The scorpion is caught in the net!
The scorpion is moderately wounded.
* * * LOW HITPOINT WARNING * * *
You feel very sick.
The scorpion struggles against the net.
* * * LOW HITPOINT WARNING * * *
You feel very sick.
The scorpion struggles against the net. x2
* * * LOW HITPOINT WARNING * * *
You feel very sick.
The scorpion struggles against the net.
The net rips apart, and the scorpion comes free!
It was a potion of might.
You feel very mighty all of a sudden.
* * * LOW HITPOINT WARNING * * *
You feel very sick.
It was a potion of lignification.
You turn into a tree.
Your +0 cloak melds into your body.
Your +0 hat melds into your body.
Your +0 robe melds into your body.
Your roots penetrate the ground.
* * * LOW HITPOINT WARNING * * *
You feel sick.
It was a potion of curing.
You feel better. The scorpion stings you.
* * * LOW HITPOINT WARNING * * *
You are lethally poisoned!
The scorpion poisons you!
You barely miss the scorpion.
The scorpion is moderately wounded.
You die...

#.# #.############
#.........##<#
#............# ..#
##.........####
#....######....>.....#
#....................#
#.######...#.........#
###♣###.........#
##.s.# #.........#
#..### #>........#
......?## #.........#
.....## ###########
.... ... .. .


You could see a scorpion.

Vanquished Creatures
  8 adders
  2 worms
  A dart slug (D:1)
  6 orcs
  14 ball pythons
  11 bats
  7 endoplasms
  5 giant cockroaches
  3 goblins
  12 hobgoblins
  8 kobolds
  9 quokkas
  3 frilled lizards
  6 rats
95 creatures vanquished.

Notes
Turn   | Place    | Note
-------+----------+-------------------------------------------
     0 | D:1      | AtlasWard the Ogre Gladiator began the quest for the Orb.
     0 | D:1      | Reached XP level 1. HP: 22/22 MP: 1/1
    59 | D:1      | Found Hizynipput's Weapon Emporium.
    66 | D:1      | Reached XP level 2. HP: 16/31 MP: 2/2
   180 | D:1      | You fall into a shaft and drop 1 floor!
   239 | D:1      | Found Bejo Fiash's Book Shop.
   386 | D:1      | Reached XP level 3. HP: 37/37 MP: 3/3
   873 | D:1      | Found Udyn's Armour Shop.
  1253 | D:2      | Reached XP level 4. HP: 46/48 MP: 4/4
  1700 | D:2      | Reached XP level 5. HP: 50/55 MP: 5/5
  2662 | D:3      | Identified the +5 rapier of the Eternal Void {flame, rElec
                  | Dex+2}
  2830 | D:3      | Identified the +8 battleaxe of the Eleven Bones {holy,
                  | Int+4}
  3228 | D:4      | Noticed Duvessa
  3228 | D:4      | Noticed Dowan
  3417 | D:5      | Entered Level 5 of the Dungeon
  3471 | D:5      | HP: 4/82 [poisoned by a scorpion]
  3473 | D:5      | Succumbed to a scorpion's poison

Illustrated notes

Levels and vault maps discovered:
D:1:      spicycebolla_green_bress_n_ham_2, layout_loops_ring, serial_shops,
          nicolae_shop_crystal, nicolae_shop_trees, shop, minmay_fountain_box,
          chequers_serial_rivers_room_a
D:2:      layout_basic, serial_forest, infiniplex_forest_lined_2,
          infiniplex_forest_clump_tiny, infiniplex_forest_lined_4_way,
          infiniplex_forest_corner_1, infiniplex_forest_straight_3,
          infiniplex_forest_lined_3_way, infiniplex_forest_lined_3,
          infiniplex_forest_straight_2, minmay_snake_closets
D:3:      layout_rooms
D:4:      layout_basic, nemelex_dance_club_becter,
          nicolae_elyvilon_peaceful_grove, amethyst_killhole, uniq_duvessa,
          uniq_crazy_yiuf_cottage
D:5:      layout_rooms, mainiacjoe_overflow_alcove_1,
          minmay_temple_entry_statues_fountains

Skill      XL: |  1  2  3  4 |
---------------+-------------+-----
Maces & Flails | 3 4 |  4.9
Fighting       | 3 4 |  4.7
Throwing       | |  2.0
Dodging        | |  2.6

Action                     |  1- 3 |  4- 6 || total
---------------------------+-------+-------++-------
  Melee: Flail             |    98 |     8 ||   106
         Punch             |     3 |     1 ||     4
         Whip              |    11 |   226 ||   237
  Throw: Throwing net      |       |     1 ||     1
    Use: Potion            |       |     3 ||     3
   Stab: Sleeping          |       |     3 ||     3
 Armour: Robe              |    40 |    57 ||    97
  Dodge: Dodged            |    67 |   115 ||   182

Table legend: (Time is in decaauts)
 A = Elapsed time spent in this place.
 B = Non-inter-level travel time spent in this place.
 C = Inter-level travel time spent in this place.
 D = Time resting spent in this place.
 E = Time spent auto-exploring this place.
 F = Levels seen in this place.
 G = Mean time per level.
                   A        B        C        D        E       F      G
               +--------+--------+--------+--------+--------+-----+--------+
         Total |   3465 |   3326 |    139 |      0 |   2623 |   5 |  693.0 |
       Dungeon |   3465 |   3326 |    139 |      0 |   2623 |   5 |  693.0 |
               +--------+--------+--------+--------+--------+-----+--------+

Top non-repeatable levels by time:
     D:2: 1245 daAuts
     D:1: 1111 daAuts
     D:3: 937 daAuts
     D:4: 115 daAuts
     D:5: 56 daAuts
